 Dungeon Crawl Stone Soup version 0.27.0-66-gdc8fb28755 (webtiles) character file.

Game seed: 15282317795595231582

60 nicksoapdish the Ruffian (level 3, -1/29 HPs)
             Began as a Minotaur Transmuter on Aug 20, 2021.
             Slain by a gnoll (6 damage)
             ... on level 2 of the Dungeon.
             The game lasted 00:03:03 (1256 turns).

nicksoapdish the Ruffian (Minotaur Transmuter)      Turns: 1256, Time: 00:03:04

Health: -1/29      AC:  2    Str: 15    XL:     3   Next: 80%
Magic:  1/4        EV: 12    Int: 10    God:
Gold:   24         SH:  0    Dex: 10    Spells: 2/5 levels left

rFire    . . .     SeeInvis .   a - +0 dagger (venom)
rCold    . . .     Faith    .   (no shield)
rNeg     . . .     Spirit   .   b - +0 robe
rPois    .         Reflect  .   (helmet restricted)
rElec    .         Harm     .   (no cloak)
rCorr    .         Rampage  .   (no gloves)
Will     .....                  (no boots)
Stlth    +.........             (no amulet)
HPRegen  0.09/turn              (no ring)
MPRegen  0.09/turn              (no ring)

@: wereblooded
A: horns 2, retaliatory headbutt
a: no special abilities


You were on level 2 of the Dungeon.
You visited 1 branch of the dungeon, and saw 2 of its levels.

You collected 24 gold pieces.

Inventory:

Hand Weapons
 a - a +0 dagger of venom (weapon)
Armour
 b - a +0 robe (worn)
Jewellery
 c - an amulet of guardian spirit
Scrolls
 d - a scroll of brand weapon
 f - a scroll of teleportation {unknown}
Potions
 e - 2 potions of attraction {unknown}


   Skills:
 * Level 2.0 Fighting
 + Level 0.3 Short Blades
 * Level 1.4 Armour
 - Level 2.1 Dodging
 - Level 0.1 Stealth
 - Level 3.8 Unarmed Combat
 + Level 1.7 Spellcasting
 * Level 2.1 Transmutations


You had 2 spell levels left.
You knew the following spells:

 Your Spells              Type           Power      Damage    Failure   Level
a - Beastly Appendage     Tmut           10%        N/A       14%         1
b - Wereblood             Tmut           5%         N/A       21%         2

Your spell library contained the following spells:

 Spells                   Type           Power      Damage    Failure   Level
 Spider Form              Tmut/Pois      1%         N/A       52%         3
 Ice Form                 Ice/Tmut       3%         N/A       90%         4


Dungeon Overview and Level Annotations

Branches:
Dungeon (2/15)

Altars:


Innate Abilities, Weirdness & Mutations

You have a pair of horns on your head.
You reflexively headbutt those who attack you in melee.


Message History

You hit the gnoll but do no damage. You claw the gnoll.
You kill the gnoll!
Your Fighting skill increases to level 2!
Your magical contamination has completely faded away.
There is a stone staircase leading up here.
You climb upwards.
There is a stone staircase leading down here.
Your talons disappear.
Magic restored.
HP restored.
You see here a +0 trident.
There is a stone staircase leading down here.
You climb downwards.
There is a stone staircase leading up here.
The gnoll shouts!
Casting: Wereblood (safe; 21% risk of failure)
Confirm with . or Enter, or press ? or * to list all spells.
You miscast Wereblood.
You are very lightly contaminated with residual magic.
Nothing appears to happen.
Casting: Wereblood (safe; 21% risk of failure)
Confirm with . or Enter, or press ? or * to list all spells.
Your blood is infused with primal strength.
Your magical contamination has completely faded away.
You closely miss the gnoll. The gnoll closely misses you.
The gnoll hits you from afar with a +0 spear.
You closely miss the gnoll. The gnoll hits you with a +0 club.
The gnoll hits you but does no damage.
You barely miss the gnoll. The gnoll hits you with a +0 club.
The gnoll hits you from afar with a +0 spear.
You completely miss the gnoll. The gnoll barely misses you.
You furiously retaliate!
You headbutt the gnoll.
The gnoll hits you from afar with a +0 spear!
* * * LOW HITPOINT WARNING * * *
You closely miss the gnoll.
The gnoll is heavily wounded.
The gnoll hits you with a +0 club.
* * * LOW HITPOINT WARNING * * *
The gnoll hits you from afar with a +0 spear.
You die...

########### #......<..###
#...........# ####
#.........#.########..##
#####.###<#........#...#
#.###..#### #...#.## .
#..##....# #####....#####..
##...#รท..###...............
###......@gg......#.<.....
###..####......)........
#### #.......##.###..
##......).......
#####..(....#. #.)#.....#
#.[#...#... #.#....#...
#.......>##


You could see 2 gnolls.

Vanquished Creatures
  Terence (D:2)
  A gnoll (D:2)
  2 endoplasms (D:1)
  3 giant cockroaches (D:1)
  5 goblins
  2 hobgoblins (D:1)
  2 kobolds
  A quokka (D:1)
  A ball python (D:1)
  A bat (D:1)
  2 frilled lizards
  3 rats
24 creatures vanquished.

Notes
Turn   | Place    | Note
-------+----------+-------------------------------------------
     0 | D:1      | nicksoapdish the Minotaur Transmuter began the quest for
                  | the Orb.
     0 | D:1      | Reached XP level 1. HP: 16/16 MP: 1/1
   169 | D:1      | Reached XP level 2. HP: 23/23 MP: 3/3
   220 | D:1      | Reached skill level 1 in Armour
   926 | D:2      | Noticed Terence
   939 | D:2      | Killed Terence
   940 | D:2      | Reached XP level 3. HP: 12/29 MP: 2/4
  1177 | D:2      | Learned a level 2 spell: Wereblood
  1256 | D:2      | Slain by a gnoll

Illustrated notes

Levels and vault maps discovered:
D:1:      giann_horns, layout_basic, chequers_serial_rivers_small_b
D:2:      layout_rooms, uniq_terence, uniq_crazy_yiuf_cottage, uniq_natasha

Skill      XL: |  1  2  3 |
---------------+----------+-----
Transmutations | 2 |  2.1
Armour         | 1 |  1.4
Fighting       | 2 |  2.0
Short Blades   | |  0.3
Dodging        | |  2.1
Stealth        | |  0.1
Unarmed Combat | |  3.8
Spellcasting   | |  1.7

Action                   || total
-------------------------++-------
Melee: Unarmed           ||    16
       Dagger            ||    55
       Headbutt          ||     8
       Kick              ||     4
 Cast: Beastly Appendage ||     3
       Wereblood         ||     1
  Use: Scroll            ||     1
Armor: Robe              ||    10
Dodge: Dodged            ||    45
